 Dungeon Crawl Stone Soup version 0.19-a0-1676-g39ae8cc (webtiles) character file.

68588 rjrrt the Executioner (level 14, -1/198 HPs)
             Began as a Minotaur Berserker on Sept 23, 2016.
             Was a High Priest of Trog.
             Slain by an azure jelly (9 damage)
             ... on level 6 of the Lair of Beasts on Sept 24, 2016.
             The game lasted 00:43:30 (21101 turns).

rjrrt the Executioner (Minotaur Berserker)         Turns: 21101, Time: 00:43:31

Health: -1/198     AC: 20    Str: 35    XL:     14   Next: 87%
Magic:  13/13      EV: 13    Int:  4    God:    Trog [*****.]
Gold:   2055       SH:  0    Dex: 14    Spells: 0 memorised, 13 levels left

rFire  + . .     SeeInvis .     a - +5 executioner's axe of Expedience {chop, *Contam +Rage Str+4}
rCold  . . .     Gourm    .     C - +0 plate armour
rNeg   . . .     Faith    .     (shield currently unavailable)
rPois  .         Spirit   .     (helmet restricted)
rElec  .         Dismiss  .     (no cloak)
rCorr  .         Reflect  .     G - +0 pair of gloves
MR     +....     Harm     +     I - +1 pair of boots
Stlth  ..........               E - amulet of harm
                                L - +3 ring of strength
                                d - ring of protection from fire

@: berserking, very quick
A: retaliatory headbutt, horns 2
a: Berserk, Trog's Hand, Brothers in Arms, Burn Spellbooks, Renounce Religion,
Evoke Berserk Rage


You were on level 6 of the Lair of Beasts.
You worshipped Trog.
Trog was extremely pleased with you.
You were not hungry.

You visited 3 branches of the dungeon, and saw 17 of its levels.

You collected 2305 gold pieces.
You spent 250 gold pieces at shops.

Inventory:

Hand Weapons
 a - the +5 executioner's axe of Expedience (weapon) {chop, *Contam +Rage Str+4}
   (Trog gifted it to you on level 2 of the Orcish Mines)

   It inflicts extra damage upon your enemies.
   It affects your strength (+4).
   It lets you go berserk.
   It causes magical contamination when unequipped.
 b - a +2 longbow of flaming
 s - a +3 demon trident of electrocution
Missiles
 e - 6 javelins (quivered)
 k - 2 throwing nets
 u - 34 tomahawks
 O - 93 arrows
Armour
 C - a +0 plate armour (worn)
 G - a +0 pair of gloves (worn)
 I - a +1 pair of boots (worn)
Jewellery
 d - a ring of protection from fire (left hand)
 i - an uncursed ring of flight
 v - a +4 ring of intelligence
 E - an amulet of harm (around neck)
 J - an uncursed ring of ice
 L - a +3 ring of strength (right hand)
Wands
 m - a wand of slowing (13/48)
 t - a wand of confusion (33/48)
 z - a wand of acid (6/15)
 F - a wand of polymorph (1/24)
 M - a wand of digging (18/24)
Scrolls
 h - 12 scrolls of remove curse
 j - 5 scrolls of blinking
 l - 2 scrolls of enchant weapon
 q - 4 scrolls of teleportation
 r - 3 scrolls of fog
 y - 2 scrolls of enchant armour
 D - 3 scrolls of magic mapping
 H - a scroll of fear
Potions
 f - 4 potions of curing
 g - 3 potions of agility
 n - 3 potions of might
 o - a potion of cancellation
 w - a potion of cure mutation
 x - 2 potions of lignification
 A - a potion of ambrosia
 B - 2 potions of brilliance
 N - a potion of magic {unknown}
 P - a potion of flight
Comestibles
 c - 16 bread rations
 p - 6 meat rations


   Skills:
 - Level 14.1 Fighting
 * Level 21.2 Axes
 + Level 2.0 Throwing
 - Level 13.6 Armour
 - Level 8.5 Dodging


You had 13 spell levels left.
You didn't know any spells.

Dungeon Overview and Level Annotations

Branches:
Dungeon (9/15)             Temple (0/1) D:5            Lair (6/6) D:9
  Swamp (0/4) Lair:2       Spider (0/4) Lair:2        Slime (0/5) Lair:6
    Orc (2/2) D:9             Elf (0/3) Orc:2

Altars:
Makhleb

Shops:
D:6 ?(=*   Orc:1 }   Orc:2 !}%(%

Portals:
Hell: Lair:6


Innate Abilities, Weirdness & Mutations

You reflexively headbutt those who attack you in melee.
You have a pair of horns on your head.


Message History

The azure jelly hits you but does no damage.
The azure jelly misses you.
The azure jelly hits you but does no damage.
The azure jelly completely misses you.
You barely miss the azure jelly. Your headbutt misses the azure jelly.
The azure jelly is moderately wounded.
The azure jelly hits you but does no damage.
The azure jelly hits you. The azure jelly freezes you!!
* * * LOW HITPOINT WARNING * * *
The azure jelly hits you but does no damage. x2
You barely miss the azure jelly.
The azure jelly is moderately wounded.
You slice the azure jelly!! Your headbutt misses the azure jelly.
The azure jelly is severely wounded.
The azure jelly hits you.
* * * LOW HITPOINT WARNING * * *
The azure jelly freezes you!!
* * * LOW HITPOINT WARNING * * *
The azure jelly misses you. The azure jelly hits you!
You die...

....### ##..## ...#..##
#..P# .......# #..##
......P# ##.P# ....P.##
### #P.P# ...#..####
##.## ###...#
..##...#.###P..####.#...#
..##.......#...........##
..P..#........#.@.###.##
♣......##....####J.#..#
...#...###.##.##P....##
...##......######P....##
...#...#...#.####..P.#.##
......†..#..#.##..P.#...#
.###....#.#..#.#...#....#
## ##...#..PP...#P.....##
######.........P#....#..#


You could see an azure jelly.

Vanquished Creatures
  3 orc warlords (Orc:1)
  A dire elephant (Lair:6)
  Fannar (Lair:1)
  5 hydras
  3 ogre magi (Orc:2)
  8 death yaks
  A sun demon (Lair:6)
  The ghost of qqqbard the Cruncher, a novice GrGl of Makhleb (D:8)
  A sixfirhy (Lair:6)
  A wizard (Lair:6)
  2 orc knights (Orc:2)
  3 orc sorcerers (Orc:1)
  Joseph (D:8)
  14 elephants
  A smoke demon (Lair:6)
  4 black mambas
  13 spiny frogs
  5 rime drakes
  4 orange demons (Lair:6)
  11 komodo dragons
  3 ice devils (Lair:6)
  4 trolls
  13 two-headed ogres (Orc:2)
  A polar bear (Lair:6)
  24 blink frogs
  7 hippogriffs
  A spriggan (D:7)
  31 yaks
  A basilisk (Lair:2)
  4 insubstantial wisps (Lair:2)
  2 wargs (Orc:1)
  9 porcupines
  3 hell hounds
  12 water moccasins
  An ice beast (D:6)
  3 black bears
  22 orc warriors
  A wasp (D:7)
  A sky beast (D:7)
  20 ogres
  A phantom (D:8)
  9 centaurs
  17 crocodiles
  2 big kobolds (D:7)
  Blork the orc (D:5)
  8 bullfrogs
  A wyvern zombie (D:8)
  2 scorpions
  13 killer bees
  An electric eel (Lair:6)
  5 hounds
  2 bullfrog skeletons
  18 orc priests
  34 orc wizards
  A centaur skeleton (D:8)
  7 iguanas
  9 worker ants
  A hound zombie (D:7)
  6 adders
  29 river rats
  3 shadow imps
  2 oozes
  3 adder skeletons
  2 worms
  2 dart slugs
  9 leopard geckos
  91 orcs
  7 bats
  2 giant cockroaches (D:2)
  3 goblins
  7 hobgoblins
  25 jackals
  11 kobolds
  A quokka (D:9)
  4 frilled lizards
  A leopard gecko zombie (D:7)
  5 rats
  6 fungi (Lair:6)
  A plant (Lair:6)
598 creatures vanquished.

Vanquished Creatures (collateral kills)
  Nessos (Lair:4)
  Snorg (Lair:5)
  6 hydras
  The ghost of mamga the Summoner, a journeyman DrSu of Sif Muna (Lair:3)
  An ogre mage (Orc:2)
  A red devil (Lair:6)
  A hippogriff (Lair:6)
  A yak (Lair:4)
  A porcupine (Lair:4)
  2 electric eels (Lair:6)
  An iguana (Lair:5)
  A river rat (Lair:6)
  An orc (Orc:2)
  2 fungi (Lair:6)
21 creatures vanquished.

Vanquished Creatures (others)
  A two-headed ogre (Orc:2)
  A bush (Lair:6)
  18 fungi
  13 plants
33 creatures vanquished.

Grand Total: 652 creatures vanquished

Notes
Turn   | Place    | Note
-------+----------+-------------------------------------------
     0 | D:1      | rjrrt the Minotaur Berserker began the quest for the Orb.
     0 | D:1      | Reached XP level 1. HP: 19/19 MP: 0/0
    43 | D:1      | Reached skill level 4 in Axes
   113 | D:1      | Reached XP level 2. HP: 26/26 MP: 1/1
   253 | D:1      | Reached ** piety under Trog
   255 | D:1      | Reached skill level 5 in Axes
   305 | D:1      | Reached XP level 3. HP: 15/31 MP: 2/2
  1126 | D:2      | Found a burning altar of Makhleb.
  1131 | D:2      | Reached skill level 6 in Axes
  1131 | D:2      | Reached XP level 4. HP: 33/39 MP: 3/3
  1749 | D:3      | Reached XP level 5. HP: 45/45 MP: 4/4
  1876 | D:3      | Reached skill level 7 in Axes
  2042 | D:3      | HP: 1/45 [poisoned by a worker ant]
  2379 | D:4      | Reached skill level 8 in Axes
  2695 | D:4      | Reached XP level 6. HP: 18/51 MP: 5/5
  2994 | D:4      | Reached skill level 9 in Axes
  3153 | D:4      | You fall through a shaft!
  3153 | D:5      | Entered Level 5 of the Dungeon
  3164 | D:5      | Reached *** piety under Trog
  3585 | D:5      | Found a staircase to the Ecumenical Temple.
  3611 | D:5      | Noticed Blork the orc
  3625 | D:5      | Killed Blork the orc
  3723 | D:5      | Reached XP level 7. HP: 54/59 MP: 6/6
  4460 | D:6      | Found Jofiv's General Store.
  4470 | D:6      | Reached skill level 5 in Fighting
  4470 | D:6      | Reached skill level 10 in Axes
  4517 | D:6      | Found Zyfikk's Magic Scroll Shop.
  4617 | D:6      | Found Wauw's Jewellery Shoppe.
  4619 | D:6      | Bought a potion of might for 48 gold pieces
  4619 | D:6      | Bought a scroll of enchant armour for 90 gold pieces
  4619 | D:6      | Bought a scroll of identify for 24 gold pieces
  4664 | D:6      | Found Ecwenorui's Antique Weapon Shoppe.
  4792 | D:6      | Reached XP level 8. HP: 57/69 MP: 7/7
  5158 | D:6      | Reached **** piety under Trog
  5437 | D:7      | Reached skill level 11 in Axes
  5437 | D:7      | Reached skill level 5 in Armour
  7067 | D:7      | Reached XP level 9. HP: 59/79 MP: 8/8
  7170 | D:7      | Reached skill level 12 in Axes
  7312 | D:7      | Reached ***** piety under Trog
  7511 | D:7      | Received a gift from Trog
  7947 | D:8      | Noticed qqqbard's ghost (novice GrGl)
  7961 | D:8      | Killed qqqbard's ghost
  7961 | D:8      | Reached skill level 13 in Axes
  8159 | D:8      | Noticed Joseph
  8289 | D:8      | Reached XP level 10. HP: 88/90 MP: 9/9
  8493 | D:8      | Killed Joseph
  8961 | D:9      | Found a staircase to the Lair.
  8981 | D:9      | Reached skill level 14 in Axes
  9071 | D:9      | Found a staircase to the Orcish Mines.
  9380 | Lair:1   | Entered Level 1 of the Lair of Beasts
  9451 | Lair:1   | Noticed a seven-headed hydra
  9462 | Lair:1   | Killed an eight-headed hydra
  9771 | Lair:1   | Noticed a black mamba
  9777 | Lair:1   | Killed a black mamba
 10022 | Lair:1   | Reached skill level 10 in Fighting
 10320 | Lair:1   | Reached skill level 15 in Axes
 10320 | Lair:1   | Reached XP level 11. HP: 99/99 MP: 10/10
 10404 | Lair:1   | Noticed Fannar
 10434 | Lair:1   | Killed Fannar
 11319 | Lair:1   | Reached skill level 10 in Armour
 11590 | Lair:2   | Reached skill level 16 in Axes
 12303 | Lair:2   | Found a hole to the Spider Nest.
 12332 | Lair:2   | Noticed a seven-headed hydra
 12344 | Lair:2   | Killed a ten-headed hydra
 12410 | Lair:2   | Found a staircase to the Swamp.
 12872 | Lair:2   | Reached XP level 12. HP: 67/110 MP: 11/11
 13318 | Lair:3   | Reached skill level 17 in Axes
 13357 | Lair:3   | Noticed mamga's ghost (journeyman DrSu)
 13366 | Lair:3   | Killed mamga's ghost
 14188 | Lair:4   | Noticed a seven-headed hydra
 14199 | Lair:4   | Killed a ten-headed hydra
 14549 | Lair:4   | Noticed a death yak
 14726 | Lair:4   | Noticed Nessos
 14739 | Lair:4   | Killed Nessos
 14744 | Lair:4   | Reached skill level 5 in Dodging
 15195 | Lair:4   | Noticed a death yak
 15196 | Lair:4   | Noticed a death yak
 15218 | Lair:4   | Killed a death yak
 15384 | Lair:4   | Noticed a death yak
 15393 | Lair:4   | Killed a death yak
 15394 | Lair:4   | Killed a death yak
 15394 | Lair:4   | Reached skill level 18 in Axes
 15401 | Lair:4   | Killed a death yak
 15401 | Lair:4   | Reached XP level 13. HP: 119/119 MP: 12/12
 16141 | Lair:5   | Noticed Snorg
 16153 | Lair:5   | Killed Snorg
 16554 | Lair:6   | Entered Level 6 of the Lair of Beasts
 16587 | Lair:6   | Received a gift from Trog
 16907 | Lair:6   | Reached skill level 19 in Axes
 17144 | Lair:6   | Found a staircase to the Slime Pits.
 17995 | Lair:6   | Reached XP level 14. HP: 112/130 MP: 13/13
 18602 | Orc:1    | Entered Level 1 of the Orcish Mines
 19014 | Orc:2    | Entered Level 2 of the Orcish Mines
 19037 | Orc:2    | Found Qoxup's Food Boutique.
 19055 | Orc:1    | Noticed an orc warlord
 19279 | Orc:1    | Killed an orc warlord
 19391 | Orc:1    | Found Anasih's Gadget Shoppe.
 19397 | Orc:1    | Noticed an orc warlord
 19408 | Orc:1    | Killed an orc warlord
 19613 | Orc:2    | Found a staircase to the Elven Halls.
 19653 | Orc:2    | Received a gift from Trog
 19660 | Orc:2    | Got a twisted executioner's axe {god gift}
 19676 | Orc:2    | Identified the +5 executioner's axe of Expedience {chop, *Contam +Rage Str+4} (Trog gifted it to you on level 2 of the Orcish Mines)
 19836 | Orc:2    | Reached skill level 20 in Axes
 19867 | Orc:2    | Found Gero's Food Shoppe.
 19867 | Orc:2    | Found Juluzeon's Weapon Boutique.
 19868 | Orc:2    | Found Ogotum's Distillery.
 19868 | Orc:2    | Found Bic Ceac's Gadget Shoppe.
 19998 | Orc:2    | Bought a potion of mutation for 40 gold pieces
 19998 | Orc:2    | Bought a potion of lignification for 48 gold pieces
 20492 | Orc:1    | Noticed an orc warlord
 20501 | Orc:1    | Killed an orc warlord
 20590 | Lair:1   | Reached skill level 21 in Axes
 20788 | Lair:6   | Found a burning altar of Makhleb.
 20800 | Lair:6   | Reached skill level 1 in Throwing
 20837 | Lair:6   | Found a gateway to Hell.
 21095 | Lair:6   | Noticed an azure jelly
 21101 | Lair:6   | HP: 8/198 [azure jelly (30)]
 21101 | Lair:6   | Slain by an azure jelly

Vault maps used:
D:1:      minmay_arrival_floating_metal
D:2:      first_bread, makhleb_heckhound_becter
D:5:      corexii_shack_village, uniq_blork_the_orc
D:6:      serial_shops, shop, shop_fountains, nicolae_shop_waterfront,
          kennysheep_mini_moat
D:7:      nicolae_whirlpool, grunt_ministairs_12, the_bakery
D:8:      minmay_misc_feat_four_crosses, uniq_joseph
D:9:      minmay_lair_entry_lava, orc_0_dummy
Lair:1:   beast_lair_carwin_1, grunt_megastairs_1, uniq_fannar
Lair:2:   minmay_swamp_entry_wisps, dummy_spider_entry, beast_lair_carwin_8,
          grunt_megastairs_5
Lair:4:   beast_lair_carwin_large_3, uniq_nessos
Lair:5:   grunt_forest_small_clearing_treed, serial_bayou_shore_b, uniq_snorg
Lair:6:   evil_forest, dpeg_slime_entry_corner, serial_bayou_lagoon_b
Orc:1:    serial_shops, shop
Orc:2:    st_orc_ogre_mass, serial_shops, nicolae_shop_window_shopping

Skill      XL: |  1  2  3  4  5  6  7  8  9 10 11 12 13 14 |
---------------+-------------------------------------------+-----
Axes           | 4 5 6 8 9 10 11 13 15 16 18 19 21 | 21.2
Fighting       | 4 5 7 8 10 11 12 13 14 | 14.1
Armour         | 3 4 6 7 9 11 12 13 | 13.6
Dodging        | 5 7 8 |  8.5
Throwing       | 2 |  2.0

Action                   |  1- 3 |  4- 6 |  7- 9 | 10-12 | 13-15 || total
-------------------------+-------+-------+-------+-------+-------++-------
Melee: Hand axe          |    52 |   135 |   350 |   688 |   173 ||  1398
       Headbutt          |    13 |    25 |    71 |   175 |   106 ||   390
       Battleaxe         |       |       |       |       |   183 ||   183
       Executioner's axe |       |       |       |       |   102 ||   102
 Fire: Longbow           |       |       |       |     2 |       ||     2
Throw: Javelin           |       |       |     4 |    13 |     6 ||    23
Invok: Berserk           |     1 |     5 |     8 |    16 |    12 ||    42
       Brothers in Arms  |       |       |       |     8 |     9 ||    17
       Burn Spellbooks   |       |       |       |     1 |     1 ||     2
       Trog's Hand       |       |       |       |       |     2 ||     2
 Abil: Evoke Flight      |     1 |       |       |       |       ||     1
Evoke: Wand              |       |       |       |     1 |     5 ||     6
  Use: Scroll            |       |    11 |     7 |     4 |     1 ||    23
       Potion            |       |     1 |       |     3 |     1 ||     5
 Stab: Sleeping          |     2 |       |       |       |       ||     2
  Eat: Chunk             |     2 |     8 |    14 |    27 |    22 ||    73
       Meat ration       |       |     1 |     1 |     3 |     2 ||     7
       Fruit             |       |       |     3 |       |       ||     3
       Pizza             |       |       |     1 |       |       ||     1
       Royal jelly       |       |       |       |     1 |     1 ||     2
Armor: Animal skin       |     7 |     9 |       |       |       ||    16
       Chain mail        |       |    16 |   143 |       |       ||   159
       Plate armour      |       |       |    16 |   279 |   240 ||   535
Dodge: Dodged            |    32 |    55 |   126 |   161 |   260 ||   634
Block: Buckler           |       |       |    45 |    54 |       ||    99
